 Dungeon Crawl Stone Soup version 0.15.1-3-g1b33baa (webtiles) character file.

80 Johnny the Chiller (level 3, -4/28 HPs)
             Began as a Demigod Ice Elementalist on Oct 2, 2014.
             Killed by divine providence
             ... invoked by an orc priest
              (15 damage)
             ... on Level 3 of the Dungeon.
             The game lasted 00:06:25 (1986 turns).

Johnny the Chiller (Demigod Ice Elementalist)       Turns: 1986, Time: 00:06:26

HP  -4/28        AC  5     Str 11      XL: 3   Next: 98%
MP   4/8         EV  9     Int 25      God:
Gold 84          SH  0     Dex 16      Spells:  1 memorised,  5 levels left

rFire  . . .     SeeInvis +     h - +1 dagger (venom)
rCold  . . .     Clarity  +     m - +0 ring mail
rNeg   . . .     rCorr    .     (no shield)
rPois  .         rRot     .     (no helmet)
rElec  .         Spirit   .     (no cloak)
SustAb .         Warding  .     (no gloves)
rMut   .         Stasis   .     (no boots)
Gourm  .                        f - amulet of clarity
MR     .....                    n - ring of see invisible
                                g - +4 ring of intelligence

@: very slightly contaminated, not resistant to hostile enchantments, very
unstealthy
A: no striking features
a: no special abilities


You were on level 3 of the Dungeon.
You were hungry.

You visited 1 branch of the dungeon, and saw 3 of its levels.

You collected 84 gold pieces.

Inventory:

Hand weapons
 h - a +1 dagger of venom (weapon)
 x - a +2 short sword of holy wrath
Armour
 m - a +0 ring mail (worn)
Magical devices
 t - a wand of flame (18) {unknown}
Comestibles
 c - 3 bread rations
 r - a slice of pizza
Scrolls
 d - a scroll of remove curse
 i - a scroll of noise
 l - a scroll of blinking {unknown}
 p - a scroll of teleportation {unknown}
 q - 2 scrolls of identify
 v - a scroll of recharging {unknown}
Jewellery
 f - an amulet of clarity (around neck)
 g - a +4 ring of intelligence (left hand)
 j - an uncursed ring of loudness
 n - a ring of see invisible (right hand)
 w - an uncursed ring of magical power {unknown}
Potions
 a - a potion of porridge
 o - a potion of brilliance
Books
 b - a book of Frost

   Spells                             Type                      Level
   *Freeze                            Ice                          1
   Throw Frost                        Conjuration/Ice              2
   Ozocubu's Armour                   Charms/Ice                   3
   Throw Icicle                       Conjuration/Ice              4
   Summon Ice Beast                   Ice/Summoning                4
   Condensation Shield                Ice                          4


   Skills:
 * Level 1.3 Fighting
 + Level 0.5 Armour
 * Level 2.2 Dodging
 + Level 1.9 Stealth
 * Level 2.4 Spellcasting
   Level 0.8 Conjurations
 * Level 3.3 Ice Magic


You had 5 spell levels left.
You knew the following spells:

 Your Spells              Type           Power        Failure   Level  Hunger
a - Freeze                Ice            ###.         6%          1    None


Dungeon Overview and Level Annotations

Branches:
Dungeon (3/15)


Message History

Press: ? - help, Shift-Dir - straight line, f/p - orc priest
Aim: an orc priest, wielding a whip (moderately wounded)
You freeze the orc priest.
The orc priest is severely wounded.
The orc wizard casts a spell.
You feel troubled.
The orc priest looks braver.
The orc priest hits you with a whip.
Casting: Freeze
Confirm with . or Enter, or press ? or * to list all spells.
Aiming: Freeze
Press: ? - help, Shift-Dir - straight line, f/p - orc priest
Aim: an orc priest, wielding a whip (severely wounded)
You freeze the orc priest.
The orc priest is almost dead.
The orc wizard glows brightly for a moment.
The orc priest invokes the aid of Beogh against you.
Something smites you!
Ouch! That really hurt!
You die...

*,,,,,,,,,,,,,,,,***,
*,*####*********#***, *****
*,,,..# *..,,, ,,,,*******
**###.# #######.####
,,,,,,,,..#####...####.......#...
,,,,,,,..............'......>#.##
,,,,,,,,..#........###......##.##
,,,,******#....o...# #.####.....#
***** ****#....o@..# #....#.....'
*******,.o..###o####*#....#.....#
**,*,*,,...,+#.#.*,*,#..........#
***,*,*,,.,,#.#,#,*,#.#...#....##
**,*,*,*+*,#.#,*,*,#.#.#.#.###.#
,,,,*,*,*,#.#,*,*,#.#.#.#.#.##.#
,,,*,*,*,*,#,*,*,#.#.#.#.#.#...##
,,,+*,*,*,*,*,*,#.#.#.#.#.#......
,,,*,*,*,*,*,*,*,#.#.#.#.#.#...##


You could see 2 orc priests and 2 orc wizards.

Vanquished Creatures
  2 adders
  A worm (D:2)
  3 giant geckos
  6 bats
  2 goblins
  11 hobgoblins
  6 jackals
  7 kobolds
  A quokka (D:2)
  2 ball pythons (D:2)
  3 giant newts
  9 rats
53 creatures vanquished.

Notes
Turn   | Place    | Note
--------------------------------------------------------------
     0 | D:1      | Johnny, the Demigod Ice Elementalist, began the quest for the Orb.
     0 | D:1      | Reached XP level 1. HP: 14/14 MP: 3/3
   164 | D:1      | Reached XP level 2. HP: 5/22 MP: 0/5
   649 | D:1      | Reached skill level 1 in Fighting
   654 | D:1      | Reached skill level 3 in Ice Magic
  1163 | D:2      | Reached XP level 3. HP: 15/28 MP: 8/8
  1344 | D:2      | Found a stormy altar of Qazlal.
  1986 | D:3      | Killed from afar by an orc priest

Action                   || total
-------------------------++-------
Melee: Unarmed           ||    14
       Club              ||    15
       Dagger            ||    40
 Cast: Freeze            ||    59
  Use: Scroll            ||     6
       Potion            ||     2
 Stab: Sleeping          ||     2
  Eat: Chunk             ||     3
